Map: Abiogenesis LE

Players

fruitcake - Winner!

  • Race: Protoss Protoss
  • Spawn Location: 11:00

A.I. 1 (Elite)

  • Race: Protoss Protoss
  • Spawn Location: 5:00

VOD

Have the link to the VOD?

Description

Time

  • Played on: May 5, 2018, 9:15 p.m.
  • Length: 10:42
Show
View Real Time Build Order
Export as new Build Order

fruitcake Protoss - Winner!

Build Orders:  

Get SALT Encoding   

  1  0:00  Probe  
  13  0:14  Pylon  
  13  0:15  Probe  
  14  0:28  Probe  
  15  0:29  Assimilator  
  15  0:40  Probe  
  16  0:44  Gateway  
  16  0:52  Probe  
  17  1:01  Probe  
  18  1:09  Probe  
  18  1:18  Gateway, Probe  
  20  1:32  Zealot  
  22  1:43  Pylon  
  22  1:56  Nexus  
  22  1:57  Zealot  
  24  2:13  Cybernetics Core  
  24  2:18  Zealot  
  26  2:40  Zealot  
  28  2:45  Assimilator  
  28  2:53  Stalker  
  30  3:00  Probe  
  30  3:01  Stalker  
  33  3:13  Probe  
  33  3:16  Pylon  
  33  3:19  Pylon  
  34  3:20  Probe  
  34  3:24  Pylon  
  34  3:25  Probe  
  36  3:35  Forge  
  36  3:37  Probe  
  36  3:40  Probe  
  38  3:45  Adept  
  40  3:50  Adept  
  42  3:56  Probe  
  42  3:57  Warp Gate  
  42  3:58  Probe  
  44  4:08  Probe, Sentry  
  47  4:17  Stalker  
  47  4:23  Robotics Facility  
  49  4:29  Stalker  
  49  4:30  Probe x2  
  53  4:42  Probe  
  54  4:47  Adept  
  54  4:51  Pylon  
  56  4:54  Probe  
  56  4:57  Assimilator  
  56  4:59  Stalker  
  59  5:02  Pylon  
  59  5:13  Immortal  
  63  5:14  Stalker  
  63  5:15  Protoss Ground Weapons Level 1  
  63  5:17  Probe  
  66  5:23  Probe  
  67  5:31  Probe  
  67  5:32  Probe  
  67  5:34  Assimilator  
  70  5:35  Adept  
  70  5:41  Probe  
  71  5:49  Robotics Facility  
  72  5:54  Gateway  
  72  6:01  Probe  
  73  6:13  Pylon, Probe  
  73  6:17  Pylon, Stalker x2  
  78  6:24  Immortal  
  82  6:25  Probe  
  83  6:38  Gateway  
  83  6:44  Stalker x2  
  83  6:45  Probe  
  87  6:53  Probe  
  88  6:56  Probe  
  90  7:08  Probe, Protoss Ground Armor Level 1  
  91  7:12  Nexus  
  91  7:14  Stalker  
  91  7:15  Stalker  
  95  7:16  Stalker  
  97  7:44  Probe x2  
  99  7:52  Stalker  
  99  7:56  Probe  
  102  7:59  Pylon  
  102  8:01  Pylon  
  102  8:04  Pylon  
  102  8:05  Pylon  
  102  8:10  Robotics Facility  
  102  8:16  Immortal  
  102  8:17  Probe  
  107  8:22  Stalker  
  107  8:23  Stalker x3  
  115  8:27  Probe  
  115  8:30  Probe x2  
  118  8:35  Probe  
  118  8:39  Assimilator  
  119  8:42  Probe x2  
  119  8:43  Immortal  
  119  8:44  Assimilator  
  103  9:11  Stalker x4  
  106  9:17  Immortal x2  
  106  9:22  Immortal  
  110  9:37  Stalker x4  
  114  9:56  Immortal  
  120  10:00  Immortal  
  120  10:01  Immortal  
  122  10:38  Stalker x2  
  122  10:39  Stalker  
Show
View Real Time Build Order
Export as new Build Order

A.I. 1 (Elite) Protoss 

Build Orders: Zealot Archon 

Get SALT Encoding   

  12  0:00  Probe  
  13  0:13  Probe  
  14  0:19  Pylon  
  14  0:25  Probe  
  15  0:33  Probe  
  15  0:40  Gateway  
  15  0:41  Probe  
  16  0:48  Assimilator  
  17  0:51  Probe  
  18  0:59  Probe  
  18  1:01  Pylon  
  19  1:07  Probe  
  20  1:18  Probe  
  21  1:28  Cybernetics Core  
  21  1:29  Zealot  
  21  1:30  Probe  
  24  1:42  Probe  
  25  1:50  Zealot  
  25  1:55  Gateway  
  25  1:57  Pylon  
  25  2:00  Probe  
  28  2:04  Warp Gate  
  28  2:12  Probe  
  28  2:13  Assimilator  
  29  2:21  Adept  
  31  2:24  Probe  
  32  2:37  Probe  
  33  2:39  Pylon  
  33  2:41  Adept  
  35  2:48  Adept  
  35  2:49  Probe  
  38  3:00  Sentry  
  38  3:01  Probe  
  41  3:13  Probe  
  42  3:26  Adept, Probe, Sentry  
  47  3:27  Pylon  
  47  3:30  Robotics Facility  
  47  3:54  Adept, Probe  
  50  3:55  Gateway  
  50  4:03  Probe  
  51  4:11  Probe  
  51  4:16  Adept  
  54  4:20  Probe  
  55  4:26  Pylon  
  55  4:44  Adept, Probe  
  58  4:46  Gateway  
  58  4:56  Probe  
  59  5:05  Pylon, Probe  
  59  5:06  Twilight Council  
  59  5:13  Probe  
  61  5:22  Stalker  
  61  5:23  Zealot x2, Probe  
  61  5:25  Pylon  
  68  5:35  Probe  
  69  5:44  Stalker  
  69  5:48  Pylon  
  71  5:50  Templar Archives  
  71  5:54  Stalker  
  73  6:03  Stalker  
  75  6:05  Forge  
  75  6:09  Pylon  
  75  6:12  Stalker  
  77  6:22  Stalker  
  79  6:27  High Templar x2  
  83  6:34  Archon  
  83  6:36  Stalker  
  83  6:37  Pylon  
  85  6:53  Forge  
  85  6:59  High Templar  
  87  7:27  High Templar  
  89  7:33  Archon  
  89  7:45  Pylon  
  89  7:55  High Templar  
  91  8:22  High Templar  
  93  8:36  Observer  
  94  8:45  Stalker, Archon  
  96  8:49  Photon Cannon  
  96  8:53  Zealot x2  
  96  8:54  Stalker  
  102  8:57  Pylon  
  96  9:08  Stalker  
  84  9:13  Zealot x2  
  70  9:17  Zealot  
  58  9:32  High Templar  
  60  9:56  Nexus  
  50  10:00  High Templar, Zealot x2  
  50  10:05  Adept  
  46  10:21  Zealot, Pylon  
  44  10:25  Zealot  
  42  10:30  Zealot  
Tags
 
Add a new tag
Caveats
  • Supply blocks, unpowered buildings, or Contaminate may cause inaccurate times.
  • Supply counts are checked every 10 seconds.